 Dungeon Crawl Stone Soup version 0.30.0-30-g96aa6591b8 (webtiles) character file.

Game seed: 7481178933265703934

90 booth the Conjurer (level 4, 0/33 HPs)
             Began as a Draconian Conjurer on June 30, 2023.
             Succumbed to Sigmund's poison
             ... on level 3 of the Dungeon.
             The game lasted 00:09:50 (1421 turns).

booth the Conjurer (Draconian Conjurer)             Turns: 1421, Time: 00:09:50

Health: 0/33       AC:  5    Str:  9    XL:     4   Next: 32%
Magic:  6/8        EV: 12    Int: 20    God:
Gold:   36         SH:  0    Dex: 10    Spells: 2/8 levels left

rFire   . . .        b - +0 spear
rCold   . . .        (no shield)
rNeg    + . .        (body armour unavailable)
rPois   .            (helmet restricted)
rElec   .            (no cloak)
rCorr   .            (no gloves)
SInv    .            (no boots)
Will    .....        (no amulet)
Stlth   ++           d - ring of positive energy
HPRegen 0.25/turn    (no ring)
MPRegen 0.11/turn

%: no passive effects
@: lethally poisoned (0 -> -9), attractive, flying
A: AC +5, unfitting armour, cold-blooded
a: no special abilities


You were on level 3 of the Dungeon.
You visited 1 branch of the dungeon, and saw 3 of its levels.

You collected 36 gold pieces.

Inventory:

Hand Weapons
 b - a +0 spear (weapon)
 c - a +0 dagger
Armour
 e - a +2 buckler
Jewellery
 d - a ring of positive energy (left hand)
Scrolls
 a - a scroll of teleportation
Potions
 g - a potion of magic


   Skills:
 + Level 2.5 Dodging
 + Level 2.7 Stealth
 + Level 2.7 Spellcasting
 + Level 4.5 Conjurations


You had 2 spell levels left.
You knew the following spells:

 Your Spells              Type           Power      Damage    Failure   Level
a - Magic Dart            Conj           80%        1d7       2%          1
b - Searing Ray           Conj           40%        2d5       3%          2
c - Dazzling Flash        Conj/Hex       22%        N/A       17%         3

Your spell library contained the following spells:

 Spells                   Type           Power      Damage    Failure   Level
 Fulminant Prism          Conj/Hex       5%         3d7       50%         4
 Iskenderun's Mystic Bla  Conj/Tloc      11%        2d4       50%         4


Dungeon Overview and Level Annotations

Branches:
Dungeon (3/15)

Altars:

Annotations:
D:3 Sigmund


Innate Abilities, Weirdness & Mutations

Your plain brown scales are hard. (AC +5)
You cannot fit into any form of body armour.
You are cold-blooded and may be slowed by cold attacks.


Message History

Sigmund casts a spell at you.
You are confused.
You are too confused!
It was a potion of attraction.
You feel attractive to monsters. Sigmund is attracted toward you.
It was a potion of flight.
You feel very buoyant.
You fly up into the air.
Sigmund is attracted toward you.
Sigmund hits you with a +2 scythe of venom.
You are poisoned.
You feel sick. Sigmund is attracted toward you.
You feel sick.
Sigmund hits you with a +2 scythe of venom.
You are more poisoned.
You feel very sick.
Sigmund hits you with a +2 scythe of venom.
You are lethally poisoned!
You're too confused to move!
You feel less confused.
* * * LOW HITPOINT WARNING * * *
You feel very sick.
You barely miss Sigmund.
* * * LOW HITPOINT WARNING * * *
You feel very sick. Sigmund closely misses you.
You hit Sigmund but do no damage.
* * * LOW HITPOINT WARNING * * *
You feel very sick. Sigmund gestures at you while chanting.
You resist with some effort.
Casting: Magic Dart (safe; 2% risk of failure)
Confirm with . or Enter, or press ? or * to list all spells.
Aiming: Searing Ray (safe; 3% risk of failure)
Press: ? - help, Shift-Dir - straight line, f - Sigmund
Aim: Sigmund, wielding a +2 scythe of venom and wearing a +0 robe (75% to hit)
The searing ray hits Sigmund.
Sigmund is lightly wounded. (Press . to maintain the ray.)
You die...

#....>....##
#..........
#....<..?.#
#.........#
#.........#
#.........# .
#.........###... ##
#.......@....... +.
#.......@.####.. ##
#####.##.## #.####
#.# # #.# ##### #+# #
#.###...## ###.######
#.##.....###.........
#.#.[.....##.#.###.##
#.........##..(......


You could see Sigmund.

Vanquished Creatures
  Jessica (D:2)
  Robin (D:2)
  An adder (D:2)
  3 orcs (D:3)
  3 ball pythons (D:2)
  An endoplasm (D:2)
  A giant cockroach (D:2)
  4 hobgoblins
  2 jackals (D:1)
  A kobold (D:2)
  4 bats (D:2)
  14 goblins
36 creatures vanquished.

Notes
Turn   | Place    | Note
-------+----------+-------------------------------------------
     0 | D:1      | booth the Draconian Conjurer began the quest for the Orb.
     0 | D:1      | Reached XP level 1. HP: 14/14 MP: 3/3
    82 | D:1      | You fall into a shaft and drop 1 floor!
   191 | D:2      | Noticed Jessica
   196 | D:2      | Killed Jessica
   197 | D:2      | Reached XP level 2. HP: 20/20 MP: 0/5
   197 | D:2      | Reached XP level 3. HP: 26/26 MP: 0/6
   202 | D:2      | Learned a level 2 spell: Searing Ray
   206 | D:2      | Learned a level 3 spell: Dazzling Flash
   312 | D:2      | Noticed Robin
   331 | D:2      | Killed Robin
   628 | D:2      | Reached XP level 4. HP: 33/33 MP: 4/7
  1409 | D:3      | Noticed Sigmund
  1420 | D:3      | HP: 1/33 [poisoned by Sigmund]
  1421 | D:3      | Succumbed to Sigmund's poison

Illustrated notes

Levels and vault maps discovered:
D:1:      saegor_arrival_simple_c, layout_loops_ring, serial_forest,
          infiniplex_forest_straight_1, infiniplex_forest_lined_2,
          infiniplex_forest_end_1, infiniplex_forest_clump_small,
          infiniplex_forest_3_way, infiniplex_forest_corner_2,
          infiniplex_forest_join, infiniplex_forest_end_2,
          infiniplex_forest_corner_1, infiniplex_forest_lined_ring,
          hangedman_abyss_or_decor_stabs
D:2:      layout_loops_ring, uniq_jessica, uniq_robin
D:3:      wad_pebble_path, layout_loops_corners, guppyfry_early_orc_mine,
          uniq_sigmund

Skill      XL: |  1 |
---------------+----+-----
Dodging        | 2 |  2.5
Stealth        | 2 |  2.7
Spellcasting   | |  2.7
Conjurations   | |  4.5

Action                     |  1- 3 |  4- 6 || total
---------------------------+-------+-------++-------
  Melee: Spear             |    43 |     7 ||    50
         Tailslap          |     4 |     1 ||     5
         Punch             |     1 |       ||     1
   Cast: Magic Dart        |    14 |    15 ||    29
         Searing Ray       |     3 |     2 ||     5
    Use: Potion            |     1 |     3 ||     4
         Scroll            |       |     3 ||     3
 Armour: Skin              |    12 |     2 ||    14
  Dodge: Dodged            |    39 |     6 ||    45
